 Dungeon Crawl Stone Soup version 0.31.0-12-g77e489cdc1 (webtiles) character file.

Game seed: 11923176775059309622

4332 monsoonserge the Grappler (level 10, -9/70 (76) HPs)
             Began as a Gnoll Shapeshifter on Feb 29, 2024.
             Was a High Priest of Cheibriados.
             Mangled by a yak (12 damage)
             ... on level 9 of the Dungeon.
             The game lasted 00:26:21 (7385 turns).

monsoonserge the Grappler (Gnoll Shapeshifter)      Turns: 7385, Time: 00:26:21

HP:   -9/70 (76)    AC:  2    Str: 30    XL:     10   Next: 33%
MP:   27/27         EV: 22    Int: 23    God:    Cheibriados [*****.]
Gold: 395           SH:  0    Dex: 25    Spells: 16/19 levels left

rFire   . .          .
                       - Unarmed
rCold   + . .        (shield currently unavailable)
rNeg    . . .        a - melded +2 ring mail {rF+}
rPois   .            (helmet restricted)
rElec   .            H - +0 cloak
rCorr   .            J - +0 pair of gloves
SInv    .            (no boots)
Will    .....        (no amulet)
Stlth   ++           q - ring of Equilibrium {+Blink MP+9 Slay+3}
HPRegen 0.31/turn    O - ring of protection from cold
MPRegen 0.20/turn

%: no passive effects
@: about to teleport, flux-form, glowing, drained, very slow
A: glow, contaminating, fangs 1, strong nose, distributed training, horns 1
a: Begin Untransformation, Renounce Religion, Evoke Blink, Bend Time, Temporal
Distortion, Slouch, Step From Time


You were on level 9 of the Dungeon.
You worshipped Cheibriados.
Cheibriados was extremely pleased with you.
You were something dangerously unstable.
You visited 2 branches of the dungeon, and saw 10 of its levels.
You also visited: Sewer.

You collected 395 gold pieces.

Inventory:

Missiles
 v - 8 poisoned darts (quivered)
 K - 3 boomerangs
 R - a curare-tipped dart
Armour
 a - a +2 ring mail of fire resistance (melded)
 p - a +0 helmet
 r - the +0 chain mail of Dufosuq {-Cast rC++ Str+3 Stlth-}
   (You found it on level 2 of the Dungeon)

   Str+3:     It affects your strength (+3).
   rC++:      It greatly protects you from cold.
   -Cast:     It prevents spellcasting.
   Stlth-:    It makes you less stealthy.
 w - a +0 scale mail
 F - a +2 leather armour of fire resistance
 H - a +0 cloak (worn)
 J - a +0 pair of gloves (worn)
Magical Staves
 B - a staff of fire
 S - a staff of cold
Jewellery
 i - a ring of magical power
 n - a ring of fire
 q - the ring of Equilibrium (left hand) {+Blink MP+9 Slay+3}
   (You found it on level 5 of the Dungeon)

   [ring of magical power]

   Slay+3:    It affects your accuracy & damage with ranged weapons and melee
   (+3).
   MP+9:      It affects your magic capacity (+9).
   +Blink:    It lets you blink.
 I - a ring of magical power
 O - a ring of protection from cold (right hand)
 P - a ring of flight
 Q - a ring of protection from cold
Talismans
 c - a beast talisman
 d - a flux talisman (active)
 s - a blade talisman
Wands
 j - a wand of flame (19)
Scrolls
 e - a scroll of acquirement {unknown}
 h - 2 scrolls of vulnerability
 m - 3 scrolls of torment
 o - 4 scrolls of amnesia
 y - a scroll of enchant armour {unknown}
 z - 3 scrolls of fog
 A - a scroll of butterflies
 D - 2 scrolls of teleportation
 G - 5 scrolls of fear {unknown}
 N - a scroll of brand weapon {unknown}
Potions
 b - 2 potions of lignification
 f - 2 potions of brilliance {unknown}
 g - a potion of enlightenment
 k - a potion of resistance {unknown}
 l - a potion of degeneration {unknown}
 t - a potion of might {unknown}
 u - 2 potions of curing
 x - a potion of cancellation {unknown}
 C - 2 potions of invisibility {unknown}
 E - a potion of attraction {unknown}
 L - 2 potions of mutation
 M - a potion of magic {unknown}


   Skills:
 + Level 6.0 Fighting
 + Level 5.4 Short Blades
 + Level 5.4 Long Blades
 + Level 5.4 Axes
 + Level 5.4 Maces & Flails
 + Level 5.4 Polearms
 + Level 5.4 Staves
 + Level 5.4 Ranged Weapons
 + Level 5.4 Throwing
 + Level 5.4 Armour
 + Level 7.1 Dodging
 + Level 5.4 Stealth
 + Level 5.4 Shields
 + Level 8.6 Unarmed Combat
 + Level 5.4 Spellcasting
 + Level 4.4 Conjurations
 + Level 4.4 Hexes
 + Level 4.4 Summonings
 + Level 4.4 Necromancy
 + Level 4.4 Translocations
 + Level 4.4 Fire Magic
 + Level 4.4 Ice Magic
 + Level 4.4 Air Magic
 + Level 4.4 Earth Magic
 + Level 4.4 Alchemy
 + Level 5.9 Invocations
 + Level 5.4 Evocations
 + Level 8.2 Shapeshifting


You had 16 spell levels left.
You knew the following spells:

 Your Spells              Type           Power      Damage    Failure   Level
a - Mephitic Cloud        Conj/Alch/Air  26%        N/A       4%          3

Your spell library contained the following spells:

 Spells                   Type           Power      Damage    Failure   Level
 Jinxbite                 Hex            52%        N/A       2%          2
 Static Discharge         Conj/Air       52%        3-6/arc   2%          2
 Dazzling Flash           Conj/Hex       52%        N/A       4%          3
 Tukima's Dance           Hex            26%        N/A       4%          3
 Airstrike                Air            13%        2d(2-18)  14%         4
 Dimensional Bullseye     Hex/Tloc       13%        N/A       14%         4
 Iskenderun's Mystic Bla  Conj/Tloc      26%        2d7       14%         4
 Summon Lightning Spire   Summ/Air       26%        N/A       14%         4
 Vhi's Electric Charge    Tloc/Air       52%        N/A       14%         4
 Arcjolt                  Conj/Air       13%        1d23      38%         5
 Curse of Agony           Necr           26%        N/A       38%         5
 Silence                  Hex/Air        13%        N/A       38%         5
 Yara's Violent Unravell  Hex/Alch       13%        3d7       38%         5
 Plasma Beam              Fire/Air       13%        2x1d24    92%         6
 Enfeeble                 Hex            13%        N/A       100%        7


Dungeon Overview and Level Annotations

Branches:
Dungeon (9/15)             Temple (1/1) D:5           Sewer (visited)
   Lair: D:8-11         Orc: D:9-12

Altars:
Ashenzari
Cheibriados
Dithmenos
Elyvilon
Fedhas
Gozag
Hepliaklqana
Kikubaaqudgha
Makhleb
Nemelex Xobeh
Okawaru
Qazlal
Ru
Sif Muna
Trog
Vehumet
Wu Jian
Xom
Yredelemnul
The Shining One


Innate Abilities, Weirdness & Mutations

You are something dangerously unstable.
You glow with magical radiation, making you easy to see and hit.
Foes you strike become dangerously contaminated with magical radiation.
You are incapable of wielding weapons or throwing items.
You have very sharp teeth.
Your uncanny sense of smell can sniff out nearby items.
Your experience applies equally to all skills.
You have a pair of small horns on your head.


Message History

You completely miss the wight.
The wight is severely damaged.
The wight completely misses you.
You hit the wight.
The wight glows dangerously bright.
The wight is almost destroyed.
The wight hits you with a +2 battleaxe!
You feel drained.
You barely miss the wight. You bite the wight, but do no damage.
The wight is almost destroyed.
The wight closely misses you.
You punch the wight!
You destroy the wight!
Cheibriados appreciates the change of pace.
Okay, then.
You hit the yak.
The yak begins to glow.
You bite the yak.
The yak is moderately wounded.
You hit the yak but do no damage.
The yak glows dangerously bright.
The yak is moderately wounded.
The yak completely misses you. The yak gores you!
You hit the yak.
The yak shudders as magic cascades through it.
The yak twists and deforms.
The yak is moderately wounded.
The yak closely misses you. x2
As you read the scroll of teleportation, it crumbles to dust.
You feel strangely unstable. The yak closely misses you. The wight misses you.
The yak barely misses you. The yak gores you!
* * * LOW HITPOINT WARNING * * *
You punch the yak!
The yak begins to glow.
The yak is severely wounded.
The yak completely misses you. The wight hits you with a +0 mace!
* * * LOW HITPOINT WARNING * * *
The yak gores you!
* * * LOW HITPOINT WARNING * * *
The yak misses you.
It was a potion of mutation.
You feel extremely strange. A pair of horns grows on your head!
Your +0 helmet falls away!
You feel genetically stable.
You feel genetically unstable. The yak gores you!
You die...

................
?................
.................#
..................#
...................#.
......................
..............!.Y......
................pY......
................zY......
.............)).......#.
........................
......................#.
.....................##
....................##
......................
#..................###


You could see 3 yaks and a wight.

Vanquished Creatures
  Pikel (D:6)
  Prince Ribbit (D:6)
  Grinder (D:4)
  6 yaks (D:8)
  An acid dragon (D:8)
  Duvessa (D:4)
  A sky beast (D:8)
  An ice beast (D:7)
  A crocodile (Sewer)
  A centaur (D:7)
  4 phantoms
  A kobold brigand (D:8)
  2 bullfrogs (D:8)
  A gnoll sergeant (D:6)
  A scorpion (D:6)
  7 wights
  Dowan (D:4)
  6 hounds
  4 bombardier beetles
  3 orc priests
  Crazy Yiuf (D:4)
  An iguana (D:4)
  6 orc wizards
  10 gnolls
  5 adders
  2 white imps
  6 ufetubi
  6 dart slugs
  8 ribbon worms
  30 orcs
  7 bats
  10 endoplasms
  10 giant cockroaches
  26 goblins
  37 hobgoblins
  10 jackals
  6 quokkas
  11 ball pythons
  3 frilled lizards
  21 kobolds
  9 rats
270 creatures vanquished.

Notes
Turn   | Place    | Note
-------+----------+-------------------------------------------
     0 | D:1      | monsoonserge the Gnoll Shapeshifter began the quest for the
                  | Orb.
     0 | D:1      | Reached XP level 1. HP: 17/17 MP: 1/1
    77 | D:1      | Reached XP level 2. HP: 19/23 MP: 2/2
   205 | D:1      | Reached XP level 3. HP: 24/28 MP: 3/3
   488 | D:1      | Reached skill level 1 in Invocations
   933 | D:2      | Reached skill level 1 in Short Blades
   933 | D:2      | Reached skill level 1 in Long Blades
   933 | D:2      | Reached skill level 1 in Axes
   933 | D:2      | Reached skill level 1 in Maces & Flails
   933 | D:2      | Reached skill level 1 in Polearms
   933 | D:2      | Reached skill level 1 in Staves
   933 | D:2      | Reached skill level 1 in Ranged Weapons
   933 | D:2      | Reached skill level 1 in Throwing
   933 | D:2      | Reached skill level 1 in Armour
   933 | D:2      | Reached skill level 1 in Stealth
   933 | D:2      | Reached skill level 1 in Shields
   933 | D:2      | Reached skill level 1 in Spellcasting
   933 | D:2      | Reached skill level 1 in Evocations
  1178 | D:2      | Reached XP level 4. HP: 32/34 MP: 5/5
  1468 | D:2      | Identified the +0 chain mail of Dufosuq {-Cast rC++ Str+3
                  | Stlth-}
  1705 | D:2      | You fall into a shaft and drop 2 floors!
  1731 | D:4      | Reached skill level 1 in Conjurations
  1731 | D:4      | Reached skill level 1 in Hexes
  1731 | D:4      | Reached skill level 1 in Summonings
  1731 | D:4      | Reached skill level 1 in Necromancy
  1731 | D:4      | Reached skill level 1 in Translocations
  1731 | D:4      | Reached skill level 1 in Fire Magic
  1731 | D:4      | Reached skill level 1 in Ice Magic
  1731 | D:4      | Reached skill level 1 in Air Magic
  1731 | D:4      | Reached skill level 1 in Earth Magic
  1731 | D:4      | Reached skill level 1 in Alchemy
  1778 | D:4      | Noticed Grinder
  1793 | D:5      | Entered Level 5 of the Dungeon
  1801 | D:5      | Found a staircase to the Ecumenical Temple.
  1808 | D:5      | Reached XP level 5. HP: 40/40 MP: 5/7
  1819 | Temple   | Entered the Ecumenical Temple
  1827 | Temple   | Became a worshipper of Cheibriados the Contemplative
  1850 | D:5      | Identified the ring of Equilibrium {+Blink MP+9 Slay+3}
  1875 | D:5      | Found a glowing drain.
  1906 | D:5      | Noticed a phantom
  1911 | D:5      | Killed a phantom
  1922 | Sewer    | Entered a sewer
  1977 | Sewer    | Reached XP level 6. HP: 41/47 MP: 8/8
  2031 | Sewer    | Reached * piety under Cheibriados
  2309 | Sewer    | Reached skill level 5 in Dodging
  2534 | D:4      | Found a runed translucent door.
  2535 | D:4      | Noticed Crazy Yiuf
  3036 | D:3      | Reached ** piety under Cheibriados
  3227 | D:3      | Reached XP level 7. HP: 52/52 MP: 10/10
  3744 | D:4      | Noticed Duvessa
  3759 | D:4      | Noticed Dowan
  3766 | D:4      | Killed Duvessa
  3772 | D:4      | Killed Dowan
  3974 | D:4      | Killed Grinder
  4193 | D:4      | Reached XP level 8. HP: 60/60 MP: 12/12
  4362 | D:4      | Killed Crazy Yiuf
  4765 | D:5      | Reached *** piety under Cheibriados
  5024 | D:5      | Reached **** piety under Cheibriados
  5751 | D:6      | Reached ***** piety under Cheibriados
  5777 | D:6      | Noticed Prince Ribbit
  5790 | D:6      | Killed Prince Ribbit
  5820 | D:6      | Reached XP level 9. HP: 67/67 MP: 14/14
  5905 | D:6      | Noticed Pikel
  5917 | D:6      | Killed Pikel
  5918 | D:6      | Reached skill level 5 in Fighting
  6381 | D:7      | Reached skill level 5 in Invocations
  7019 | D:8      | Reached skill level 5 in Short Blades
  7019 | D:8      | Reached skill level 5 in Long Blades
  7019 | D:8      | Reached skill level 5 in Axes
  7019 | D:8      | Reached skill level 5 in Maces & Flails
  7019 | D:8      | Reached skill level 5 in Polearms
  7019 | D:8      | Reached skill level 5 in Staves
  7019 | D:8      | Reached skill level 5 in Ranged Weapons
  7019 | D:8      | Reached skill level 5 in Throwing
  7019 | D:8      | Reached skill level 5 in Armour
  7019 | D:8      | Reached skill level 5 in Stealth
  7019 | D:8      | Reached skill level 5 in Shields
  7019 | D:8      | Reached skill level 5 in Spellcasting
  7019 | D:8      | Reached skill level 5 in Evocations
  7024 | D:8      | Reached XP level 10. HP: 60/76 MP: 17/17
  7278 | D:8      | Learned a level 3 spell: Mephitic Cloud
  7384 | D:9      | HP: 3/70 [yak (9)]
  7385 | D:9      | Gained mutation: You have a pair of small horns on your
                  | head. [potion of mutation]
  7385 | D:9      | Gained mutation: You are somewhat resistant to further
                  | mutation. [potion of mutation]
  7385 | D:9      | Lost mutation: You are somewhat resistant to further
                  | mutation. [potion of mutation]
  7385 | D:9      | Mangled by a yak

Illustrated notes

Levels and vault maps discovered:
D:1:      dpeg_arrival_tiny_a, layout_loops_ring
D:2:      layout_basic, minivault_4, minmay_misc_feat_pillars, hex_tiny
D:3:      layout_loops_corners
D:4:      layout_basic, uniq_grinder, uniq_duvessa, uniq_crazy_yiuf_cottage
D:5:      minmay_goblin_kobold_castle, layout_rooms,
          minmay_temple_entry_offerings, portal_sewer_entry_f
D:6:      layout_gridville, uniq_pikel, uniq_prince_ribbit1
D:7:      layout_rooms
D:8:      layout_rooms
D:9:      layout_basic, lemuel_crystal_altar, marbit_many_paths, orc_0_dummy
Temple:   nicolae_temple_bog_church

Skill      XL: |  1  2  3  4  5  6  7  8  9 10 |
---------------+-------------------------------+-----
Invocations    | 1 2 3 4 5 |  5.9
Short Blades   | 1 2 3 5 |  5.4
Long Blades    | 1 2 3 5 |  5.4
Axes           | 1 2 3 5 |  5.4
Maces & Flails | 1 2 3 5 |  5.4
Polearms       | 1 2 3 5 |  5.4
Staves         | 1 2 3 5 |  5.4
Ranged Weapons | 1 2 3 5 |  5.4
Throwing       | 1 2 3 5 |  5.4
Armour         | 1 2 3 5 |  5.4
Stealth        | 1 2 3 5 |  5.4
Shields        | 1 2 3 5 |  5.4
Spellcasting   | 1 2 3 5 |  5.4
Evocations     | 1 2 3 5 |  5.4
Conjurations   | 1 2 3 4 |  4.4
Hexes          | 1 2 3 4 |  4.4
Summonings     | 1 2 3 4 |  4.4
Necromancy     | 1 2 3 4 |  4.4
Translocations | 1 2 3 4 |  4.4
Fire Magic     | 1 2 3 4 |  4.4
Ice Magic      | 1 2 3 4 |  4.4
Air Magic      | 1 2 3 4 |  4.4
Earth Magic    | 1 2 3 4 |  4.4
Alchemy        | 1 2 3 4 |  4.4
Fighting       | 3 4 5 6 |  6.0
Dodging        | 5 6 7 |  7.1
Unarmed Combat | 7 8 |  8.6
Shapeshifting  | 7 8 |  8.2

Action                     |  1- 3 |  4- 6 |  7- 9 | 10-12 || total
---------------------------+-------+-------+-------+-------++-------
  Melee: Unarmed           |   125 |   159 |   324 |    56 ||   664
         Bite              |    15 |    14 |    37 |    10 ||    76
         Punch             |       |     6 |    10 |       ||    16
  Throw: Dart              |       |       |     4 |       ||     4
 Invoke: Bend Time         |       |     1 |     1 |       ||     2
    Use: Scroll            |       |     6 |     1 |     2 ||     9
         Potion            |       |     3 |     2 |     1 ||     6
 Armour: Chain mail        |     7 |    65 |   214 |       ||   286
         Skin              |    32 |     5 |     9 |    16 ||    62
  Dodge: Dodged            |   105 |    80 |   259 |    37 ||   481
   Form: Flux              |     2 |       |     5 |       ||     7
         Beast             |     1 |       |     5 |       ||     6
                           |       |     1 |       |       ||     1
